 Dungeon Crawl Stone Soup version 0.22-a0-608-g8a62e23 (webtiles) character file.

21 digijack the Ruffian (level 2, 0/28 HPs)
             Began as a Troll Warper on July 9, 2018.
             Slain by a goblin (1 damage)
             ... on level 2 of the Dungeon.
             The game lasted 00:03:35 (720 turns).

digijack the Ruffian (Troll Warper)                  Turns: 720, Time: 00:03:36

Health: 0/28       AC:  3    Str: 18    XL:     2   Next: 65%
Magic:  3/3        EV: 10    Int:  9    God:
Gold:   66         SH:  0    Dex:  9    Spells: 1/3 levels left

rFire    . . .     SeeInvis .     - Unarmed
rCold    . . .     Gourm    +   (no shield)
rNeg     . . .     Faith    .   (armour restricted)
rPois    .         Spirit   .   (helmet restricted)
rElec    .         Reflect  .   (no cloak)
rCorr    .         Harm     .   (gloves unavailable)
MR       .....                  (boots unavailable)
Stlth    +.........             (no amulet)
HPRegen  0.49/turn              (no ring)
MPRegen  0.08/turn              (no ring)

@: no status effects
A: large, unfitting armour, claws 3, fast metabolism 3, gourmand, regeneration
1, shaggy fur 1, tough skin 2
a: no special abilities


You were on level 2 of the Dungeon.
You were completely stuffed.

You visited 1 branch of the dungeon, and saw 2 of its levels.

You collected 66 gold pieces.

Inventory:

Missiles
 d - 5 tomahawks of dispersal (quivered)
 i - 4 tomahawks
Armour
 a - a +0 robe
Jewellery
 h - an uncursed ring of stealth
Scrolls
 c - a scroll of blinking
 e - 2 scrolls of identify
 g - a scroll of amnesia
Comestibles
 b - 2 chunks of flesh
 f - 5 rations


   Skills:
 + Level 1.8 Fighting
 - Level 1.1 Throwing
 + Level 2.1 Dodging
 + Level 2.3 Unarmed Combat
 + Level 1.4 Spellcasting
 + Level 0.0 Charms
 + Level 2.2 Translocations


You had one spell level left.
You knew the following spells:

 Your Spells              Type           Power        Failure   Level  Hunger
a - Shroud of Golubria    Chrm/Tloc      #.........   34%         2    ###....

Your spell library contained the following spells:

 Spells                   Type           Power        Failure   Level  Hunger
 Teleport Other           Tloc           #.......     41%         3    ####...
 Blink                    Tloc           N/A          22%         2    ###....
 Passage of Golubria      Tloc           N/A          82%         4    #####..
 Gell's Gravitas          Tloc           #.........   41%         3    ####...
 Lesser Beckoning         Tloc           #.........   41%         3    ####...


Dungeon Overview and Level Annotations

Branches:
Dungeon (2/15)

Altars:


Innate Abilities, Weirdness & Mutations

You are too large for most types of armour.
You have claws for hands.
Your metabolism is lightning-fast.
You like to eat raw meat.
Your natural rate of healing is unusually fast.
You are covered in fur. (AC +1)
You have very tough skin. (AC +2)


Message History

The goblin hits you but does no damage. The goblin hits you.
The goblin barely misses you. The goblin hits you. The goblin hits you. x2
The goblin barely misses you. x2
The goblin hits you. The goblin barely misses you. The goblin hits you.
The goblin hits you but does no damage. The goblin hits you. x2
The goblin closely misses you. The goblin hits you but does no damage.
The goblin barely misses you. x2
The goblin hits you but does no damage. The goblin closely misses you.
The goblin hits you.
* * * LOW HITPOINT WARNING * * *
The goblin hits you.
* * * LOW HITPOINT WARNING * * *
The goblin misses you. The goblin barely misses you. The goblin hits you.
* * * LOW HITPOINT WARNING * * *
The goblin closely misses you. The goblin hits you.
You die...

#. #. #. #. #
#.####.#
.....
.#.#.##..##
.(....g@..##
......g#...#
.......#...#
.......#...##
#......##...#
#......
#...##
#......
##...##
#......
##...##
##...#


You could see 2 goblins.

Vanquished Creatures
  A dart slug (D:1)
  A ball python (D:2)
  3 bats (D:1)
  2 giant cockroaches (D:1)
  2 goblins (D:1)
  2 hobgoblins (D:1)
  2 kobolds
  A frilled lizard (D:1)
  3 rats (D:1)
17 creatures vanquished.

Notes
Turn   | Place    | Note
-------+----------+-------------------------------------------
     0 | D:1      | digijack the Troll Warper began the quest for the Orb.
     0 | D:1      | Reached XP level 1. HP: 19/19 MP: 1/1
    60 | D:1      | Reached skill level 1 in Throwing
   125 | D:1      | Reached XP level 2. HP: 27/27 MP: 3/3
   339 | D:1      | Learned a level 2 spell: Shroud of Golubria
   719 | D:2      | HP: 1/28 [goblin (4)]
   720 | D:2      | Slain by a goblin

Vault maps used:
D:1:      mrwooster_arrival_statue_3
D:2:      serial_curves, eino_curves_02, eino_curves_01

Skill      XL: |  1 |
---------------+----+-----
Throwing       | 1 |  1.1
Dodging        | 2 |  2.1
Fighting       | |  1.8
Unarmed Combat | |  2.3
Spellcasting   | |  1.4
Translocations | |  2.2

Action                   || total
-------------------------++-------
Melee: Unarmed           ||    26
       Punch             ||     1
  Use: Scroll            ||     4
       Potion            ||     2
 Stab: Sleeping          ||     2
  Eat: Chunk             ||    12
Armor: Robe              ||     7
       Skin              ||     6
Dodge: Dodged            ||    34

Table legend:
 A = Spawn XP
 B = Non-spawn XP
 C = Spawn XP percentage of total XP
 D = Spawn monster count
 E = Non-spawn monster count
 F = Spawn count percentage of total count
 G = Total turns spent on level
                    A         B        C        D         E        F      G
               +---------+---------+-------+---------+---------+-------+---------
         Total |       0 |      31 |   0.0 |       0 |      17 |   0.0 |   720
               +---------+---------+-------+---------+---------+-------+---------
           D:1 |       0 |      27 |   0.0 |       0 |      15 |   0.0 |   642
           D:2 |       0 |       4 |   0.0 |       0 |       2 |   0.0 |    78
               +---------+---------+-------+---------+---------+-------+---------
